Map: Ulrena

Players

Jakamakala - Winner!

  • Race: Terran Terran
  • League: Grandmaster

Minigun

  • Race: Protoss Protoss
  • League: Master

VOD

Have the link to the VOD?

Description

Time

  • Played on: Jan. 3, 2016, 8:42 p.m.
  • Length: 5:10
Show
View Real Time Build Order
Export as new Build Order

Jakamakala Terran - Winner!

Build Orders: 1/1/1, Liberator Opening 

Get SALT Encoding   

  12  0:01  SCV  
  13  0:13  SCV  
  14  0:17  Supply Depot  
  14  0:25  SCV  
  15  0:39  SCV  
  15  0:40  Barracks  
  16  0:44  Refinery  
  16  0:51  SCV  
  16  0:56  Refinery  
  17  1:03  SCV  
  18  1:20  SCV  
  19  1:27  Barracks Reactor  
  19  1:30  Supply Depot  
  19  1:32  Orbital Command  
  19  1:45  Factory  
  19  1:59  SCV  
  20  2:03  Marine  
  20  2:04  Marine  
  22  2:11  SCV  
  23  2:21  Marine x2  
  25  2:28  SCV  
  25  2:29  Factory Tech Lab, Starport  
  26  2:34  Supply Depot  
  26  2:39  Marine x2  
  29  2:48  Siege Tank  
  29  2:50  Liberator  
  31  2:56  SCV  
  31  2:57  Marine x2  
  34  3:05  Supply Depot  
  37  3:15  Marine  
  37  3:17  Marine  
  39  3:26  Siege Tank  
  42  3:28  Supply Depot  
  42  3:33  Marine, Liberator  
  43  3:35  Marine  
  44  3:43  SCV  
  45  3:51  Marine  
  49  3:59  Marine  
  49  4:10  Marine  
  49  4:11  Siege Tank  
  49  4:14  Supply Depot x2  
  53  4:18  Marine  
  54  4:28  Marine  
  55  4:36  Marine  
  59  4:46  Marine  
Show
View Real Time Build Order
Export as new Build Order

Minigun Protoss 

Build Orders: Nexus First 

Get SALT Encoding   

  12  0:01  Probe (Chrono Boost)  
  13  0:11  Probe (Chrono Boost)  
  14  0:19  Pylon  
  14  0:22  Probe (Chrono Boost)  
  15  0:37  Probe (Chrono Boost)  
  16  0:47  Probe (Chrono Boost)  
  17  1:02  Nexus  
  17  1:10  Gateway  
  17  1:16  Assimilator  
  17  1:22  Probe (Chrono Boost)  
  18  1:32  Assimilator  
  18  1:33  Pylon  
  18  1:36  Probe (Chrono Boost)  
  19  1:47  Probe (Chrono Boost)  
  20  1:57  Zealot (Chrono Boost)  
  20  1:59  Cybernetics Core  
  22  2:05  Probe  
  23  2:14  Probe (Chrono Boost)  
  24  2:17  Probe (Chrono Boost)  
  25  2:26  Probe (Chrono Boost)  
  26  2:33  Probe (Chrono Boost)  
  26  2:36  Warp Gate (Chrono Boost)  
  27  2:37  Mothership Core (Chrono Boost)  
  29  2:46  Robotics Facility  
  29  2:49  Probe (Chrono Boost)  
  30  2:56  Probe (Chrono Boost)  
  31  2:58  Adept  
  31  3:00  Probe (Chrono Boost)  
  34  3:06  Probe (Chrono Boost)  
  34  3:09  Pylon  
  34  3:11  Probe (Chrono Boost)  
  36  3:20  Gateway  
  36  3:27  Gateway  
  36  3:35  Immortal (Chrono Boost)  
  40  3:44  Stalker  
  42  3:49  Pylon  
  42  4:02  Pylon  
  42  4:09  Immortal  
  42  4:13  Pylon  
  46  4:27  Pylon  
  46  4:32  Stalker x3  
  51  4:58  Stalker x3  
Tags
 
Add a new tag
Caveats
  • Supply blocks, unpowered buildings, or Contaminate may cause inaccurate times.
  • Supply counts are checked every 10 seconds.